 Dungeon Crawl Stone Soup version 0.31-a0-960-g0fca184906 (webtiles) character file.

Game seed: 6873197068851497111

2350 jasper the Geomancer (level 9, -4/106 (111) HPs)
             Began as a Troll Earth Elementalist on Oct 23, 2023.
             Was a Follower of Vehumet.
             Slain by a wight
             ... wielding a +1 heavy great sword
              (19 damage)
             ... on level 8 of the Dungeon.
             The game lasted 00:10:16 (6801 turns).

jasper the Geomancer (Troll Earth Elementalist)     Turns: 6801, Time: 00:10:16

HP:   -4/106 (111)  AC: 24    Str: 18    XL:     9   Next: 20%
MP:   14/16         EV:  1    Int: 18    God:    Vehumet [*.....]
Gold: 402           SH:  0    Dex: 10    Spells: 13/19 levels left

rFire   . . .        h - +7 spear "Douggur" {drain, Int+3}
rCold   . . .        (no shield)
rNeg    . . .        v - melded +0 acid dragon scales
rPois   +            (helmet currently unavailable)
rElec   .            (cloak currently unavailable)
rCorr   .            (gloves unavailable)
SInv    +            (boots unavailable)
Will    .....        q - amulet of magic regeneration
Stlth   +            o - ring of see invisible
HPRegen 1.17/turn    (no ring)
MPRegen 0.55/turn

%: no passive effects
@: tree-form, lightly drained
A: stationary, stasis, torment immunity, boosted hp, large, unfitting armour,
(claws 3), regeneration 1, (shaggy fur 1), (tough skin 1)
a: Renounce Religion


You were on level 8 of the Dungeon.
You worshipped Vehumet.
Vehumet was aware of your devotion.
You were a tree.
You visited 2 branches of the dungeon, and saw 9 of its levels.
You also visited: Sewer.

You collected 447 gold pieces.
You spent 45 gold pieces at shops.

Inventory:

Hand Weapons
 h - the +7 spear "Douggur" (weapon) {drain, Int+3}
   (You found it on level 3 of the Dungeon)

   Int+3:     It affects your intelligence (+3).
 n - a +2 orcbow of draining
 t - a +2 dagger of venom
Missiles
 l - 3 darts of dispersal
Armour
 a - a +1 robe
 v - +0 acid dragon scales (melded)
Jewellery
 o - a ring of see invisible (left branch)
 q - an amulet of magic regeneration (around neck)
Wands
 r - a wand of digging (6)
 u - a wand of flame (16)
 w - a wand of acid (11)
Scrolls
 c - a scroll of immolation
 e - a scroll of noise
 f - 10 scrolls of identify
 k - 2 scrolls of teleportation
 m - 2 scrolls of revelation
 s - a scroll of blinking
Potions
 b - 3 potions of magic
 d - 2 potions of cancellation
 g - 3 potions of enlightenment
 i - a potion of berserk rage
 j - a potion of might
 x - a potion of curing


   Skills:
 - Level 1.5 Dodging
 - Level 1.0 Stealth
 + Level 5.7 Spellcasting
 - Level 0.6 Transmutations
 + Level 8.5 Earth Magic


You had 13 spell levels left.
You knew the following spells:

 Your Spells              Type           Power      Damage    Failure   Level
a - Sandblast             Erth           70%        2d15      1%          1
b - Passwall              Tmut/Erth      17%        N/A       2%          2
c - Stone Arrow           Conj/Erth      40%        3d9       6%          3

Your spell library contained the following spells:

 Spells                   Type           Power      Damage    Failure   Level
 Freeze                   Ice            20%        1d4       12%         1
 Static Discharge         Conj/Air       10%        3-4/arc   19%         2
 Petrify                  Tmut/Erth      21%        N/A       19%         4
 Brom's Barrelling Bould  Conj/Erth      20%        2d4       22%         4
 Airstrike                Air            2%         2d(1-17)  77%         4
 Summon Lightning Spire   Summ/Air       5%         N/A       77%         4


Dungeon Overview and Level Annotations

Branches:
Dungeon (8/15)             Temple (1/1) D:5           Sewer (visited)
   Lair: D:8-11

Altars:
Ashenzari
Fedhas
Gozag
Hepliaklqana
Kikubaaqudgha
Makhleb
Nemelex Xobeh
Okawaru
Qazlal
Ru
Trog
Uskayaw
Vehumet
Wu Jian
Zin
The Shining One

Shops:
D:1 =   D:6 !

Annotations:
D:4 exclusion: steam dragon
D:5 Ijyb
D:7 3 runed translucent doors, Zonian's ghost, novice DEHW


Innate Abilities, Weirdness & Mutations

You are a tree.
Your roots penetrate the ground, keeping you stationary.
You cannot be teleported.
You are immune to unholy pain and torment.
Your maximum health is greatly increased.
Your equipment is partially melded.
You are too large for most types of armour.
((You have claws for hands.))
Your natural rate of healing is unusually fast.
((You are covered in fur. (AC +1)))
((You have tough skin. (AC +1)))


Message History

* * * LOW HITPOINT WARNING * * *
The wight freezes you.
* * * LOW HITPOINT WARNING * * *
You take 7 damage, and have 8/70 hp.
You turn into a tree.
Your +0 acid dragon scales melds into your body.
Your roots penetrate the ground.
The wight barely misses you.
You now have 14/105 hp.
Aiming: Sandblast (safe; 1% risk of failure)
Press: ? - help, Q - select action, (/) - cycle Shift-Dir - straight line, f/p - wight
Aim: a wight, wielding a +3 long sword of freezing and wearing a +0 robe (almost destroyed, 84% to hit)
The blast of sand hits the wight!!
You destroy the wight!
Vehumet accepts your kill. The wight hits you but does no damage.
Aiming: Sandblast (safe; 1% risk of failure)
Press: ? - help, Q - select action, (/) - cycle Shift-Dir - straight line, f - wight
Aim: a wight, wielding a +0 short sword and wearing a +0 robe (moderately damaged, 84% to hit)
The blast of sand hits the wight.
The wight is heavily damaged.
The wight hits you with a +0 short sword.
* * * LOW HITPOINT WARNING * * *
You feel drained.
* * * LOW HITPOINT WARNING * * *
You take 4 damage, and have 11/105 hp.
Aiming: Sandblast (safe; 1% risk of failure)
Press: ? - help, Q - select action, (/) - cycle Shift-Dir - straight line, f/p - wight
Aim: a wight, wielding a +0 short sword and wearing a +0 robe (heavily damaged, 84% to hit)
The blast of sand hits the wight!
You destroy the wight!
Vehumet accepts your kill. The wight hits you but does no damage.
You regained 2 hp, and now have 13/106 hp.
Aiming: Sandblast (safe; 1% risk of failure)
Press: ? - help, Q - select action, (/) - cycle Shift-Dir - straight line, f - wight
Aim: a wight, wielding a +1 heavy great sword and wearing a +0 robe (84% to hit)
The blast of sand hits the wight!
The wight is heavily damaged.
The wight hits you with a +1 heavy great sword!!
You die...

......#.##.## #....
#.###..#.#.##.# #....
#.###..#.#.##.## ....
+............... ..z
#.###..#.#..#.## . .. #.#
#..#.#..#.# ... #. #.#
#..#.#..#.#
##...#)#####.###.>.......#
.......?.z♣................
##...#.#####.###..........#
... #. #............... .
#. #.###.......#... ..
.......#........ #.
..###..#...##.#. #. #..#
#..#...# .## #. #..#
#..#...# ....


You could see a wight.

Vanquished Creatures
  Maggie (D:7)
  Prince Ribbit (D:7)
  A water moccasin (Sewer)
  Duvessa (D:7)
  An orc warrior (D:7)
  3 ogres
  A centaur (D:7)
  A kobold brigand (D:7)
  3 scorpions
  4 wights (D:8)
  Dowan (D:7)
  3 howler monkeys (D:7)
  An electric eel (D:7)
  A hound (D:7)
  3 orc priests
  2 jellies
  2 iguanas
  A sleepcap (D:5)
  6 orc wizards
  7 adders
  A river rat (D:3)
  2 shadow imps
  A worm (D:2)
  A dart slug (D:2)
  22 orcs
  14 bats
  4 endoplasms
  3 giant cockroaches
  4 goblins
  5 hobgoblins
  6 jackals
  A quokka (D:2)
  10 ball pythons
  6 frilled lizards
  8 kobolds
  6 rats
138 creatures vanquished.

Notes
Turn   | Place    | Note
-------+----------+-------------------------------------------
     0 | D:1      | jasper the Troll Earth Elementalist began the quest for the
                  | Orb.
     0 | D:1      | Reached XP level 1. HP: 16/16 MP: 1/1
   149 | D:1      | Reached skill level 3 in Earth Magic
   184 | D:1      | Reached XP level 2. HP: 19/24 MP: 0/3
   228 | D:1      | Found Komuruth's Jewellery Shoppe.
   433 | D:1      | Learned a level 2 spell: Passwall
  1002 | D:2      | Reached XP level 3. HP: 30/31 MP: 1/4
  1635 | D:2      | Reached XP level 4. HP: 39/39 MP: 2/6
  1639 | D:2      | Learned a level 3 spell: Stone Arrow
  2003 | D:3      | Found a stormy altar of Qazlal.
  2003 | D:3      | Found a blossoming altar of Fedhas.
  2105 | D:3      | Identified the +7 spear "Douggur" {drain, Int+3}
  2297 | D:3      | Reached skill level 4 in Earth Magic
  2402 | D:3      | Found a glowing drain.
  2406 | D:3      | Reached XP level 5. HP: 45/45 MP: 3/7
  2421 | Sewer    | Entered a sewer
  2523 | Sewer    | Noticed a water moccasin
  2528 | Sewer    | Killed a water moccasin
  2988 | D:3      | Found a sacrificial altar of Ru.
  3147 | D:3      | You fall into a shaft and drop 1 floor!
  3177 | D:4      | Reached XP level 6. HP: 44/53 MP: 0/9
  3546 | D:4      | Noticed a steam dragon
  3719 | D:5      | Entered Level 5 of the Dungeon
  3779 | D:5      | Reached skill level 5 in Earth Magic
  4093 | D:5      | Reached XP level 7. HP: 21/59 MP: 9/11
  4137 | D:5      | Noticed Ijyb
  4767 | D:5      | Found a staircase to the Ecumenical Temple.
  4776 | Temple   | Entered the Ecumenical Temple
  4821 | Temple   | Became a worshipper of Vehumet
  4899 | D:6      | Found Veqeidou's Distillery.
  4985 | D:6      | Found a hide-covered altar of Uskayaw.
  5043 | D:6      | Reached skill level 6 in Earth Magic
  5269 | D:6      | Bought a potion of curing for 45 gold pieces
  5612 | D:7      | Noticed Duvessa
  5613 | D:7      | Noticed Dowan
  5755 | D:7      | Noticed Prince Ribbit
  5761 | D:7      | HP: 1/78 [orc warrior/+0 battleaxe (12)]
  5767 | D:7      | Reached XP level 8. HP: 9/65 MP: 4/13
  5784 | D:7      | Killed Prince Ribbit
  5785 | D:7      | Reached skill level 7 in Earth Magic
  5977 | D:7      | Reached * piety under Vehumet
  5977 | D:7      | Offered knowledge of Freeze by Vehumet.
  5999 | D:7      | Killed Duvessa
  6000 | D:7      | Reached skill level 5 in Spellcasting
  6015 | D:7      | Killed Dowan
  6065 | D:7      | Found a runed translucent gate.
  6065 | D:7      | Found a runed translucent gate.
  6066 | D:7      | Found a runed translucent gate.
  6067 | D:7      | Noticed Zonian's ghost (novice DEHW)
  6190 | D:7      | Noticed Maggie
  6203 | D:7      | Killed Maggie
  6204 | D:7      | Reached skill level 8 in Earth Magic
  6204 | D:7      | Reached XP level 9. HP: 74/74 MP: 11/16
  6331 | D:7      | Found an opulent altar of Gozag.
  6629 | D:7      | Identified the +0 robe "Linlux" {Contam rF+ Str+2}
  6801 | D:8      | Slain by a wight

Illustrated notes

Levels and vault maps discovered:
D:1:      lemuel_arrival_hallway, layout_basic, serial_shops,
          nicolae_shop_gaudy_bauble, serial_bayou, serial_bayou_lake_a,
          serial_bayou_pond_b, serial_bayou_pond_d, serial_bayou_pond_e,
          nrook_mini_backslash, minmay_statues_item, kennysheep_small_spiral
D:2:      layout_loops_ring
D:3:      layout_basic, grunt_temple_overflow_forces_of_nature,
          mainiacjoe_overflow_24_doors, portal_sewer_entry_b, uniq_terence
D:4:      kennysheep_big_flooded_room, layout_basic
D:5:      layout_cave_pools, minmay_temple_entry_poolview, uniq_ijyb
D:6:      layout_rooms, mainiacjoe_overflow_alcove_4, serial_shops,
          nicolae_shop_window_shopping
D:7:      layout_loops_ring, kennysheep_little_box, biasface_ghost_orc_armoury,
          kennysheep_generic_room_16, uniq_maggie, uniq_prince_ribbit1,
          uniq_duvessa
D:8:      layout_basic, kennysheep_slug_shrine, mainiacjoe_overflow_swirl,
          uniq_joseph, uniq_jeremiah, uniq_amaemon
Temple:   minmay_temple_curvy_loop

Skill      XL: |  1  2  3  4  5  6  7  8 |
---------------+-------------------------+-----
Earth Magic    | 3 4 5 6 8 |  8.5
Spellcasting   | 2 3 4 5 |  5.7
Dodging        | |  1.5
Stealth        | |  1.0
Transmutations | |  0.6

Action                     |  1- 3 |  4- 6 |  7- 9 || total
---------------------------+-------+-------+-------++-------
  Melee: Unarmed           |    45 |       |       ||    45
         Spear             |       |    19 |       ||    19
   Cast: Sandblast         |    40 |    87 |   132 ||   259
         Stone Arrow       |       |       |     3 ||     3
    Use: Scroll            |     5 |     6 |     6 ||    17
         Potion            |       |     1 |     5 ||     6
   Stab: Sleeping          |     1 |       |       ||     1
 Armour: Robe              |    34 |    63 |    49 ||   146
         Skin              |       |       |    51 ||    51
         Acid dragon scale |       |       |    20 ||    20
  Dodge: Dodged            |    30 |    22 |    38 ||    90

Table legend: (Time is in decaauts)
 A = Elapsed time spent in this place.
 B = Non-inter-level travel time spent in this place.
 C = Inter-level travel time spent in this place.
 D = Time resting spent in this place.
 E = Time spent auto-exploring this place.
 F = Levels seen in this place.
 G = Mean time per level.
                   A        B        C        D        E       F      G
               +--------+--------+--------+--------+--------+-----+--------+
         Total |   6930 |   6559 |    371 |    927 |   4607 |  10 |  693.0 |
       Dungeon |   6642 |   6359 |    283 |    927 |   4460 |   8 |  830.2 |
        Temple |     90 |      2 |     88 |      0 |      0 |   1 |   90.0 |
         Sewer |    197 |    197 |      0 |      0 |    147 |   1 |  197.0 |
               +--------+--------+--------+--------+--------+-----+--------+

Top non-repeatable levels by time:
     D:5: 1097 daAuts
     D:7: 1087 daAuts
     D:2: 1029 daAuts
     D:3: 989 daAuts
     D:1: 967 daAuts
     D:6: 800 daAuts
     D:4: 585 daAuts
   Sewer: 197 daAuts
  Temple: 90 daAuts
     D:8: 84 daAuts
